 Dungeon Crawl Stone Soup version 0.31.0-11-ge490571c62 (webtiles) character file.

Game seed: 13338343493108610786

36 inmateoo the Shield-Bearer (level 3, 0/33 HPs)
             Began as a Minotaur Fighter on Jan 26, 2024.
             Slain by Terence
             ... wielding a +0 morningstar
              (9 damage)
             ... on level 2 of the Dungeon.
             The game lasted 00:00:37 (877 turns).

inmateoo the Shield-Bearer (Minotaur Fighter)        Turns: 877, Time: 00:00:38

Health: 0/33       AC:  7    Str: 20    XL:     3   Next: 19%
Magic:  2/2        EV:  9    Int:  5    God:
Gold:   43         SH:  4    Dex: 11    Spells: 2/2 levels left

rFire   . . .        a - +0 war axe
rCold   . . .        c - +0 buckler
rNeg    . . .        b - +0 scale mail
rPois   .            (helmet restricted)
rElec   .            (no cloak)
rCorr   .            (no gloves)
SInv    .            (no boots)
Will    .....        m - amulet of the acrobat Stlth
                     (no ring)
HPRegen 0.25/turn    (no ring)
MPRegen 0.08/turn

%: acrobat
@: no status effects
A: horns 2, retaliatory headbutt
a: no special abilities


You were on level 2 of the Dungeon.
You visited 1 branch of the dungeon, and saw 2 of its levels.

You collected 43 gold pieces.

Inventory:

Hand Weapons
 a - a +0 war axe (weapon)
Armour
 b - a +0 scale mail (worn)
 c - a +0 buckler (worn)
Jewellery
 m - an amulet of the acrobat (around neck)
 q - a +6 ring of intelligence
Scrolls
 e - a scroll of fear {unknown}
 g - 2 scrolls of immolation {unknown}
 i - 4 scrolls of poison {unknown}
 l - 3 scrolls of identify {unknown}
 p - 3 scrolls of teleportation {unknown}
Potions
 d - a potion of might
 f - 2 potions of curing {unknown}
 h - a potion of invisibility {unknown}
 j - a potion of resistance {unknown}
 k - a potion of enlightenment {unknown}
 n - a potion of berserk rage {unknown}
 o - a potion of ambrosia {unknown}


   Skills:
 + Level 3.9 Fighting
 * Level 3.3 Axes
 + Level 3.9 Armour
 + Level 1.0 Dodging
 + Level 4.0 Shields


You had 2 spell levels left.
You didn't know any spells.
Your spell library was empty.

Dungeon Overview and Level Annotations

Branches:
Dungeon (2/15)

Altars:

Annotations:
D:2 Terence


Innate Abilities, Weirdness & Mutations

You have a pair of horns on your head.
You reflexively headbutt those who attack you in melee.


Message History

You slash the hobgoblin!
You kill the hobgoblin!
Your Dodging skill increases to level 1!
Found a stone staircase leading up.
Key pressed, stopping explore.
No target in view!
Found 3 stones.
No target in view!
p - 2 scrolls labelled ELIGAM MARU (gained 1)
p - 3 scrolls labelled ELIGAM MARU (gained 1)
l - 3 scrolls labelled VAAZXOGYNU (gained 1) Terence the Incautious comes into view.
He is wielding a +0 morningstar.
Terence shouts!
Terence moves out of view.
No target in view!
Found a stone staircase leading down.
Terence completely misses you.
You barely miss Terence. You block Terence's attack.
Terence is nearby!
Terence is nearby!
You completely miss Terence. Terence hits you with a +0 morningstar!
Terence closely misses you.
You barely miss Terence. Your headbutt misses Terence.
You block Terence's attack.
You hit Terence but do no damage. Terence completely misses you.
You hit Terence. Your headbutt misses Terence.
Terence is lightly wounded.
Terence hits you with a +0 morningstar. Terence hits you with a +0 morningstar!
* * * LOW HITPOINT WARNING * * *
You hit Terence but do no damage. You headbutt Terence, but do no damage.
Terence is lightly wounded.
You block Terence's attack.
You slash Terence!
Terence is heavily wounded.
Terence hits you but does no damage.
You are too injured to fight recklessly!
You barely miss Terence. You headbutt Terence, but do no damage.
Terence is heavily wounded.
Terence hits you with a +0 morningstar!
You die...
Terence says, "Time to find some more victims."

......#.##.#
##.#.##....#
##.#.##....#
...........#
#.##.......#
#.######...# ..#
#...####### ..#
#.........#
..######...#####@#
.......(........@.#
##..................
##...............#..>
#.####.........##...#
#.# #...######. ....
##.## #...# . .#. ..#
#...# . .# .# #)..###


You could see Terence.

Vanquished Creatures
  An adder (D:2)
  An orc (D:2)
  4 endoplasms
  3 giant cockroaches
  A goblin (D:1)
  3 hobgoblins
  2 quokkas
  A bat (D:1)
  4 frilled lizards
  3 kobolds (D:1)
  A rat (D:2)
24 creatures vanquished.

Notes
Turn   | Place    | Note
-------+----------+-------------------------------------------
     0 | D:1      | inmateoo the Minotaur Fighter began the quest for the Orb.
     0 | D:1      | Reached XP level 1. HP: 19/19 MP: 0/0
   182 | D:1      | Reached XP level 2. HP: 25/27 MP: 1/1
   414 | D:1      | Found a faded altar of an unknown god.
   681 | D:2      | Reached XP level 3. HP: 31/33 MP: 2/2
   693 | D:2      | Reached skill level 4 in Shields
   780 | D:2      | Reached skill level 1 in Dodging
   867 | D:2      | Noticed Terence
   877 | D:2      | Slain by Terence

Illustrated notes

Levels and vault maps discovered:
D:1:      kilobyte_arrival_exit_the_forest, layout_rooms,
          shapermc_ecumenical_altar_hornbeckon, minmay_indecisive_spiral
D:2:      layout_loops_cross, uniq_terence

Skill      XL: |  1  2  3 |
---------------+----------+-----
Axes           | 3 |  3.3
Shields        | 4 |  4.0
Dodging        | 1 |  1.0
Fighting       | |  3.9
Armour         | |  3.9

Action                     || total
---------------------------++-------
  Melee: War axe           ||    53
         Headbutt          ||    11
 Armour: Scale mail        ||    27
  Dodge: Dodged            ||    26
  Block: Buckler           ||    13
